 Dungeon Crawl Stone Soup version 0.29.0-4-gdea44cf6ec (webtiles) character file.

Game seed: 10744353446323044569

32 qw the Chopper (level 3, -2/21 HPs)
             Began as a Tengu Warper on Aug 28, 2022.
             Slain by Terence
             ... wielding a +2 mace of protection
              (9 damage)
             ... on level 2 of the Dungeon.
             The game lasted 00:00:05 (1067 turns).

qw the Chopper (Tengu Warper)                       Turns: 1067, Time: 00:00:06

Health: -2/21      AC:  5    Str: 17 (19) XL:     3   Next: 27%
Magic:  7/7        EV: 11    Int: 10 (13) God:
Gold:   40         SH:  0    Dex: 12 (13) Spells: 6/6 levels left

rFire   . . .      SeeInvis .   Y - +0 hand axe
rCold   . . .      Faith    .   (no shield)
rNeg    . . .      Spirit   .   d - +0 ring mail
rPois   .          Reflect  .   (helmet restricted)
rElec   .          Harm     .   (no cloak)
rCorr   .          Rampage  .   (no gloves)
Will    .....                   (boots unavailable)
Stlth   +.........              (no amulet)
HPRegen 0.07/turn               j - +6 ring of strength
MPRegen 0.10/turn               (no ring)

@: no status effects
A: beak, talons 3
a: no special abilities


You were on level 2 of the Dungeon.
You visited 1 branch of the dungeon, and saw 2 of its levels.

You collected 40 gold pieces.


Innate Abilities, Weirdness & Mutations

You have a beak for a mouth.
You have claws for feet.


   Skills:
 - Level 2.0 Fighting
 + Level 4.0 Axes
 - Level 1.0 Throwing
 - Level 1.1 Armour
 - Level 2.1 Dodging
 - Level 2.0 Spellcasting
 - Level 2.4 Translocations


You had 6 spell levels left.
You didn't know any spells.
Your spell library contained the following spells:

 Spells                   Type           Power      Damage    Failure   Level
 Blink                    Tloc           10%        N/A       32%         2
 Gell's Gravitas          Tloc           5%         N/A       54%         3
 Lesser Beckoning         Tloc           5%         N/A       54%         3
 Teleport Other           Tloc           5%         N/A       54%         3
 Manifold Assault         Tloc           5%         N/A       99%         5

Inventory:

Hand Weapons
 f - a +0 club
 Y - a +0 hand axe (weapon)
Armour
 a - a +0 chain mail
 d - a +0 ring mail (worn)
Jewellery
 j - a +6 ring of strength (left hand)
Potions
 h - a potion of lignification {unknown}
 i - a potion of cancellation {unknown}
 k - a potion of curing {unknown}

Dungeon Overview and Level Annotations

Branches:
Dungeon (2/15)

Altars:

Annotations:
D:2 Terence


Message History

The rat twitches its whiskers.
You closely miss the rat. Your kick misses the rat. Your peck misses the rat.
The rat bites you.
You hit the rat.
You kill the rat!
You start resting.
A rat comes into view.
You slash the rat!
You kill the rat!
You start resting.
HP restored.
You see here a rat corpse.
Terence the Incautious comes into view.
He is wielding a +2 mace of protection.
Terence shouts!
An endoplasm comes into view.
1060 ||| Stepping ~*~*~tactically~*~*~ (stealth).
Terence and a kobold come into view.
Terence is wielding a +2 mace of protection.
The endoplasm quivers.
The kobold shouts!
You hear a shout!
You barely miss Terence. Your kick misses Terence. Terence closely misses you.
You hit Terence but do no damage. You claw Terence, but do no damage.
You peck Terence, but do no damage.
A kobold comes into view. It is wielding a +0 dagger.
Terence closely misses you.
You closely miss Terence.
Terence hits you with a +2 mace of protection.
You hit Terence. You claw Terence, but do no damage.
Terence is lightly wounded.
The kobold drinks a potion.
The kobold flickers and vanishes!
Deactivating autopickup; reactivate with Ctrl-A.
Terence closely misses you.
You hit Terence but do no damage. You peck Terence, but do no damage.
Terence shouts, "DIE!!!"
Terence hits you with a +2 mace of protection!
You barely miss Terence. You claw Terence, but do no damage.
You punch Terence, but do no damage.
Terence hits you with a +2 mace of protection!
You die...

.. #.######
.#########.......
................
..........#..#..
.........##..... .##
#######.##...##.....
....#.......#...........
..#...##.%.....#.###....
.....J@@.##....#.##.....
....###.................
. #..........#..#...
#..........## ..
############ ##


You could see Terence and an endoplasm.

Vanquished Creatures
  A worm (D:2)
  2 dart slugs (D:1)
  4 ball pythons
  2 endoplasms (D:1)
  A giant cockroach (D:2)
  3 goblins (D:1)
  2 hobgoblins
  3 frilled lizards (D:1)
  2 kobolds (D:1)
  5 rats
25 creatures vanquished.

Notes
Turn   | Place    | Note
-------+----------+-------------------------------------------
     0 | D:1      | qw the Tengu Warper began the quest for the Orb.
     0 | D:1      | Reached XP level 1. HP: 12/12 MP: 4/4
     0 | D:1      | 0 ||| qw: Version: 0.1-a-89-g26bdef1
     0 | D:1      | 0 ||| qw: Game counter: 944
     0 | D:1      | 0 ||| qw: Always use a shield: true
     0 | D:1      | 0 ||| qw: God list: Okawaru
     0 | D:1      | 0 ||| qw: Allow faded altars: false
     0 | D:1      | 0 ||| qw: Do Orc after D:15 true
     0 | D:1      | 0 ||| qw: Do second Lair branch before Depths: true
     0 | D:1      | 0 ||| qw: Lair rune preference: random
     0 | D:1      | 0 ||| qw: Plans: Normal
     0 | D:1      | 0 ||| PLANNING D:1-11
    56 | D:1      | 56 ||| Stepping ~*~*~tactically~*~*~ (stealth).
    57 | D:1      | 57 ||| Stepping ~*~*~tactically~*~*~ (stealth).
    58 | D:1      | 58 ||| Stepping ~*~*~tactically~*~*~ (hiding).
   295 | D:1      | 295 ||| Stepping ~*~*~tactically~*~*~ (stealth).
   298 | D:1      | 298 ||| Stepping ~*~*~tactically~*~*~ (stealth).
   302 | D:1      | Reached XP level 2. HP: 17/17 MP: 6/6
   303 | D:1      | Reached skill level 3 in Axes
   465 | D:1      | Found a faded altar of an unknown god.
   877 | D:1      | 877 ||| UPGRADING to +0 ring mail.
   887 | D:1      | 887 ||| DROPPING +0 leather armour.
   888 | D:1      | 888 ||| UPGRADING to +6 ring of strength.
   889 | D:1      | 889 ||| READING scroll labelled ONNIAL CIRIFAF.
   890 | D:1      | 890 ||| READING scroll labelled RYXUJIE ESUT.
   891 | D:1      | 891 ||| DRINKING 2 lumpy silvery potions.
   892 | D:1      | 892 ||| DROPPING scroll of blinking.
   893 | D:1      | 893 ||| DROPPING potion of degeneration.
   923 | D:2      | 923 ||| Stepping ~*~*~tactically~*~*~ (stealth).
   929 | D:2      | Reached XP level 3. HP: 21/21 MP: 7/7
   933 | D:2      | 933 ||| Stepping ~*~*~tactically~*~*~ (stealth).
   956 | D:2      | Reached skill level 4 in Axes
  1058 | D:2      | Noticed Terence
  1060 | D:2      | 1060 ||| Stepping ~*~*~tactically~*~*~ (stealth).
  1067 | D:2      | Slain by Terence

Levels and vault maps discovered:
D:1:      lightli_arrival_flooded_house, layout_rooms,
          shapermc_ecumenical_altar_totnotflames
D:2:      minmay_door_path, layout_rooms, serial_curves, eino_curves_02,
          eino_curves_01, serial_shops, shop, glass_columns_a,
          amcnicky_mini_corridor_feature, st_stairs_11, uniq_terence

Skill      XL: |  1  2  3 |
---------------+----------+-----
Axes           | 3 4 |  4.0
Fighting       | |  2.0
Throwing       | |  1.0
Armour         | |  1.1
Dodging        | |  2.1
Spellcasting   | |  2.0
Translocations | |  2.4

Action                   || total
-------------------------++-------
Melee: Hand axe          ||    47
       Peck              ||    13
       Kick              ||    12
       Punch             ||     1
Throw: Boomerang         ||     7
  Use: Scroll            ||     2
       Potion            ||     1
Armor: Leather armour    ||     9
Dodge: Dodged            ||    20

Table legend:
 A = Non-vault XP
 B = Vault XP
 C = Vault XP percentage of total XP
 D = Non-vault monster count
 E = Vault monster count
 F = Vault count percentage of total count
                 A         B        C        D         E       F
            +---------+---------+-------+---------+---------+-------
      Total |      42 |       5 |  10.6 |      22 |       3 |  12.0
            +---------+---------+-------+---------+---------+-------
        D:1 |      32 |       0 |   0.0 |      17 |       0 |   0.0
        D:2 |      10 |       5 |  33.3 |       5 |       3 |  37.5
            +---------+---------+-------+---------+---------+-------
